 Dungeon Crawl Stone Soup version 0.27.1 (webtiles) character file.

Game seed: 16713928150371338115

4158 Gwenloh the Fighter (level 10, -1/136 HPs)
             Began as a Minotaur Berserker on Aug 30, 2021.
             Was an Elder of Trog.
             Slain by a centaur warrior (3 damage)
             ... on level 8 of the Dungeon.
             The game lasted 00:16:55 (8006 turns).

Gwenloh the Fighter (Minotaur Berserker)            Turns: 8006, Time: 00:16:56

Health: -1/136     AC:  9    Str: 22    XL:     10   Next: 7%
Magic:  9/9        EV: 13    Int:  4    God:    Trog [****..]
Gold:   265        SH:  0    Dex: 13    Spells: 9/9 levels left

rFire    . . .     SeeInvis .   O - -1 executioner's axe
rCold    + . .     Faith    +   (shield currently unavailable)
rNeg     + . .     Spirit   .   L - +0 scale mail
rPois    .         Reflect  .   (helmet restricted)
rElec    .         Harm     .   (no cloak)
rCorr    .         Rampage  .   f - +0 pair of gloves
Will     ++...                  (no boots)
Stlth    ..........             K - amulet of faith
HPRegen  1.32/turn              q - ring of positive energy
MPRegen  0.11/turn              A - ring of protection from cold

@: berserking, strong-willed, regenerating, very quick
A: horns 2, retaliatory headbutt
a: Renounce Religion, Berserk, Trog's Hand, Brothers in Arms


You were on level 8 of the Dungeon.
You worshipped Trog.
Trog was greatly pleased with you.
You visited 2 branches of the dungeon, and saw 9 of its levels.

You collected 325 gold pieces.
You spent 60 gold pieces at shops.

Inventory:

Hand Weapons
 a - a +0 war axe
 u - a +0 hand axe
 I - a +0 hunting sling
 O - a -1 executioner's axe (weapon)
Missiles
 b - 61 sling bullets
 d - 4 javelins (quivered)
 e - 256 stones
 i - 2 throwing nets
 r - 105 bolts
 Q - 13 poisoned darts
Armour
 f - a +0 pair of gloves (worn)
 j - a +0 leather armour
 v - a +0 ring mail
 L - a +0 scale mail (worn)
Jewellery
 c - an amulet of guardian spirit
 q - a ring of positive energy (left hand)
 A - a ring of protection from cold (right hand)
 G - a +6 ring of intelligence
 J - a ring of ice
 K - an amulet of faith (around neck)
 P - an amulet of the acrobat
Wands
 E - a wand of iceblast (13)
 H - a wand of flame (16)
Scrolls
 h - a scroll of immolation
 l - 3 scrolls of amnesia
 o - a scroll of fog {unknown}
 p - a scroll of vulnerability {unknown}
 t - a scroll of summoning {unknown}
 x - 3 scrolls of enchant armour
 y - 2 scrolls of teleportation
 B - a scroll of magic mapping {unknown}
 D - 2 scrolls of fear {unknown}
 M - a scroll of enchant weapon {unknown}
 N - a scroll of blinking {unknown}
Potions
 g - 2 potions of flight {unknown}
 k - 2 potions of lignification {unknown}
 m - 2 potions of heal wounds
 n - 2 potions of invisibility {unknown}
 s - 3 potions of brilliance {unknown}
 w - 3 potions of might {unknown}
 z - 2 potions of curing {unknown}
 C - 2 potions of magic {unknown}
 F - a potion of berserk rage {unknown}


   Skills:
 + Level 9.5 Fighting
 + Level 9.4 Axes
 + Level 9.1 Armour
 + Level 8.3 Dodging


You had 9 spell levels left.
You didn't know any spells.
Your spell library was empty.

Dungeon Overview and Level Annotations

Branches:
Dungeon (8/15)             Temple (1/1) D:7
   Lair: D:8-11

Altars:
Ashenzari
Dithmenos
Elyvilon
Fedhas
Gozag
Hepliaklqana
Kikubaaqudgha
Makhleb
Qazlal
Ru
Trog
Vehumet
Wu Jian
Xom
Yredelemnul
The Shining One

Shops:
D:7 *

Annotations:
D:4 1 runed translucent door, SaimiTM's ghost, novice GnHu


Innate Abilities, Weirdness & Mutations

You have a pair of horns on your head.
You reflexively headbutt those who attack you in melee.


Message History

The centaur warrior is severely wounded.
The centaur warrior drinks a potion.
The centaur warrior is healed!
The centaur warrior hits you with a +0 dagger!
* * * LOW HITPOINT WARNING * * *
The centaur warrior kicks you but does no damage.
You hit the centaur warrior but do no damage.
You headbutt the centaur warrior!
The centaur warrior is moderately wounded.
The centaur warrior closely misses you. You furiously retaliate!
You headbutt the centaur warrior. The centaur warrior barely misses you.
The centaur warrior hits you with a +0 dagger.
* * * LOW HITPOINT WARNING * * *
The centaur warrior kicks you but does no damage.
You closely miss the centaur warrior.
The centaur warrior is moderately wounded.
The centaur warrior hits you with a +0 dagger.
* * * LOW HITPOINT WARNING * * *
The centaur warrior barely misses you. x2
The centaur warrior kicks you but does no damage.
The centaur warrior hits you but does no damage.
The centaur warrior closely misses you.
Your skin crawls.
You feel strong-willed.
The centaur warrior hits you with a +0 dagger!
* * * LOW HITPOINT WARNING * * *
The centaur warrior kicks you but does no damage.
A red film seems to cover your vision as you go berserk!
You feel yourself moving faster!
You feel mighty!
The centaur warrior hits you with a +0 dagger.
* * * LOW HITPOINT WARNING * * *
The centaur warrior kicks you.
* * * LOW HITPOINT WARNING * * *
The centaur warrior hits you with a +0 dagger!
* * * LOW HITPOINT WARNING * * *
The centaur warrior barely misses you.
You slash the centaur warrior!
The centaur warrior is heavily wounded.
The centaur warrior completely misses you.
The centaur warrior kicks you.
You die...

#....#####.#..........#
.##...#....#..........#
.###....## #...(......#
.........###..........#
..........###†.......#
####....#.###........##
#....##.............#
#.....####............#
^.#.... #.......@.....#
.#....# #.#.....c.....#
...####...#...........#
.## #..##..........##
...............##
###..#....#######
.....##.. ...... ....
..#.#


You could see a centaur warrior.

Vanquished Creatures
  Grinder (D:5)
  A slime creature (D:7)
  Sigmund (D:2)
  A steam dragon (D:7)
  A vampire mosquito (D:7)
  6 water moccasins
  3 ice beasts
  4 ogres
  An orc warrior (D:7)
  A sky beast (D:6)
  2 black bears (D:5)
  A centaur (D:7)
  3 necrophages
  A scorpion (D:7)
  An electric eel (D:7)
  A howler monkey (D:5)
  2 bullfrog zombies
  2 bullfrog skeletons (D:5)
  2 centaur zombies
  2 hounds
  2 jellies
  8 orc priests
  4 iguanas
  12 orc wizards
  A killer bee zombie (D:5)
  A hound skeleton (D:4)
  9 adders
  3 river rats (D:3)
  2 shadow imps
  2 white imps (D:7)
  An ufetubus (D:5)
  4 adder skeletons
  7 worms
  3 dart slugs
  34 orcs
  6 bats
  4 endoplasms
  3 giant cockroaches
  10 goblins
  10 hobgoblins
  3 jackals
  5 kobolds
  3 quokkas
  9 ball pythons
  2 frilled lizards
  9 rats
194 creatures vanquished.

Vanquished Creatures (others)
  A human (D:7)
  A withered plant (D:4)
2 creatures vanquished.

Grand Total: 196 creatures vanquished

Notes
Turn   | Place    | Note
-------+----------+-------------------------------------------
     0 | D:1      | Gwenloh the Minotaur Berserker began the quest for the Orb.
     0 | D:1      | Reached XP level 1. HP: 19/19 MP: 0/0
   185 | D:1      | Reached XP level 2. HP: 27/27 MP: 1/1
   681 | D:1      | Reached ** piety under Trog
   926 | D:1      | Found a faded altar of an unknown god.
  1044 | D:1      | Reached XP level 3. HP: 33/33 MP: 2/2
  2073 | D:2      | Reached XP level 4. HP: 39/40 MP: 3/3
  2142 | D:2      | Noticed Sigmund
  2153 | D:2      | Killed Sigmund
  2154 | D:2      | Reached skill level 5 in Fighting
  2154 | D:2      | Reached skill level 5 in Axes
  2154 | D:2      | Reached XP level 5. HP: 48/48 MP: 4/4
  2564 | D:3      | Reached XP level 6. HP: 46/56 MP: 5/5
  2819 | D:3      | Reached *** piety under Trog
  3366 | D:4      | Reached skill level 5 in Armour
  3379 | D:4      | Reached XP level 7. HP: 60/62 MP: 6/6
  3394 | D:4      | You fall into a shaft and drop 1 floor!
  3394 | D:5      | Entered Level 5 of the Dungeon
  3399 | D:4      | Found a basalt altar of Yredelemnul.
  3693 | D:4      | Found an opulent altar of Gozag.
  3758 | D:4      | Reached skill level 5 in Dodging
  3970 | D:4      | Found a runed translucent door.
  3972 | D:4      | Noticed SaimiTM's ghost (novice GnHu)
  4244 | D:5      | Noticed Grinder
  4258 | D:5      | Killed Grinder
  4259 | D:5      | Reached XP level 8. HP: 71/71 MP: 7/7
  4543 | D:5      | Reached **** piety under Trog
  4951 | D:5      | Reached XP level 9. HP: 81/81 MP: 8/8
  5481 | D:6      | Found a stormy altar of Qazlal.
  5967 | D:7      | Found an opulent altar of Gozag.
  6061 | D:7      | Found a staircase to the Ecumenical Temple.
  6082 | Temple   | Entered the Ecumenical Temple
  6201 | D:7      | Found a shimmering altar of Xom.
  6475 | D:7      | Found a burning altar of Makhleb.
  6826 | D:7      | Found an ancient bone altar of Kikubaaqudgha.
  7091 | D:7      | Found Bicsymud's Lightly-Used Armoury.
  7098 | D:7      | Bought a -1 executioner's axe for 60 gold pieces
  7554 | D:8      | Reached XP level 10. HP: 87/91 MP: 9/9
  7944 | D:8      | Noticed a centaur warrior
  8005 | D:8      | HP: 1/136 [centaur warrior (8)]
  8006 | D:8      | Slain by a centaur warrior

Illustrated notes

Levels and vault maps discovered:
D:1:      erik_arrival_cave_to_civilisation [erik_arrival_cave_to_hall],
          layout_basic, shapermc_ecumenical_altar_petra, st_stairs_4,
          minivault_25, minmay_strange_pillars, chequers_serial_rivers_small_b,
          minmay_misc_feat_alley, minmay_misc_feat_rugged
D:2:      layout_basic, minmay_snake_closets, uniq_sigmund
D:3:      layout_rooms, lightli_sewer_entry_pipes, minmay_bisected
D:4:      layout_basic, grunt_gozag_breadcrumbs, yredelemnul_altar_generic,
          gammafunk_ghost_grave, enter_ossuary_5
D:5:      minmay_razor_zed, layout_rooms, minmay_misc_feat_cross, uniq_grinder
D:6:      layout_basic, grunt_qazlal_sundering
D:7:      cheibrodos_helix_gallery, layout_cave_pods, tgw_kikubaaqudgha,
          mainiacjoe_overflow_alcove_1, minmay_temple_entry_large_hall,
          hangedman_feature_mirror, minmay_shop_damaged
D:8:      layout_rooms, dk_xom_monty_hall
Temple:   cyrus_temple_forest

Skill      XL: |  1  2  3  4  5  6  7  8  9 |
---------------+----------------------------+-----
Axes           | 4 5 6 7 9 |  9.4
Fighting       | 4 5 6 8 9 |  9.5
Armour         | 3 4 5 6 7 9 |  9.1
Dodging        | 3 4 5 6 8 |  8.3

Action                   |  1- 3 |  4- 6 |  7- 9 | 10-12 || total
-------------------------+-------+-------+-------+-------++-------
Melee: Hand axe          |    96 |    40 |       |       ||   136
       Headbutt          |     9 |    17 |    52 |     6 ||    84
       War axe           |       |    65 |   247 |       ||   312
       Executioner's axe |       |       |    17 |    23 ||    40
Throw: Javelin           |       |     3 |     9 |     3 ||    15
Invok: Berserk           |       |     3 |     9 |     1 ||    13
       Trog's Hand       |       |     2 |     9 |     2 ||    13
  Use: Scroll            |       |       |     4 |       ||     4
Armor: Animal skin       |     8 |       |       |       ||     8
       Leather armour    |    19 |    12 |       |       ||    31
       Ring mail         |       |    11 |    53 |       ||    64
       Scale mail        |       |       |    35 |    25 ||    60
Dodge: Dodged            |    60 |    69 |   176 |    28 ||   333
